 Dungeon Crawl Stone Soup version 0.28.0-53-g5a82cb258f (webtiles) character file.

Game seed: 14316435800870181212

360 enile the Firebug (level 6, 0/39 HPs)
             Began as an Octopode Fire Elementalist on May 30, 2022.
             Was a Believer of Sif Muna.
             Slain by a gnoll
             ... wielding a +0 halberd
              (13 damage)
             ... on level 4 of the Dungeon.
             The game lasted 00:05:38 (5363 turns).

enile the Firebug (Octopode Fire Elementalist)      Turns: 5363, Time: 00:05:38

Health: 0/39       AC:  1    Str:  8    XL:     6   Next: 65%
Magic:  6/12       EV: 13    Int: 19    God:    Sif Muna [**....]
Gold:   165        SH:  0    Dex: 12    Spells: 7/13 levels left

rFire   . . .      SeeInvis .   a - +0 hand axe
rCold   . . .      Faith    .   (no shield)
rNeg    . . .      Spirit   .   (helmet restricted)
rPois   .          Reflect  .   (no amulet)
rElec   .          Harm     .   b - ring of resist corrosion
rCorr   +          Rampage  .   (no ring)
Will    .....                   (no ring)
Stlth   +++.......              (no ring)
HPRegen 0.13/turn               (no ring)
MPRegen 0.13/turn               (no ring)
                                (no ring)
                                (no ring)

@: no status effects
A: almost no armour, amphibious, 8 rings, camouflage 1, gelatinous body 1,
(nimble swimmer 1), tentacles
a: Renounce Religion, Channel Magic


You were on level 4 of the Dungeon.
You worshipped Sif Muna.
Sif Muna was pleased with you.
You visited 1 branch of the dungeon, and saw 4 of its levels.

You collected 165 gold pieces.

Inventory:

Hand Weapons
 a - a +0 hand axe (weapon)
Jewellery
 b - a ring of resist corrosion (left tentacle)
Scrolls
 c - a scroll of enchant weapon {unknown}
 d - a scroll of noise {unknown}
 g - 2 scrolls of identify {unknown}
 h - a scroll of immolation {unknown}
 i - a scroll of fear {unknown}
 k - a scroll of amnesia {unknown}
Potions
 f - a potion of might
 j - a potion of curing


   Skills:
 - Level 2.0 Fighting
 - Level 2.4 Dodging
 - Level 3.4 Stealth
 - Level 4.0 Spellcasting
 - Level 1.5 Conjurations
 + Level 5.0 Fire Magic


You had 7 spell levels left.
You knew the following spells:

 Your Spells              Type           Power      Damage    Failure   Level
a - Foxfire               Conj/Fire      64%        2x1d7     3%          1
b - Scorch                Fire           46%        2d7       2%          2
c - Inner Flame           Hex/Fire       13%        N/A       14%         3

Your spell library contained the following spells:

 Spells                   Type           Power      Damage    Failure   Level
 Conjure Flame            Conj/Fire      16%        6-21      11%         3
 Flame Wave               Conj/Fire      16%        2d6       34%         4
 Malign Gateway           Summ/Tloc      1%         N/A       100%        7
 Summon Horrible Things   Summ           1%         N/A       100%        8


Dungeon Overview and Level Annotations

Branches:
Dungeon (4/15)             Temple (0/1) D:4

Altars:
Kikubaaqudgha
Makhleb
Sif Muna

Shops:
D:3 :

Annotations:
D:4 Pikel


Innate Abilities, Weirdness & Mutations

You cannot wear most types of armour.
You are amphibious.
You can wear up to eight rings at the same time.
Your skin changes colour to match your surroundings (Stealth+).
Your rubbery body absorbs attacks. (AC +1, EV +1)
((You are camouflaged when in or above water. (Stealth+)))
You have tentacles for arms and can constrict up to eight enemies at once.


Message History

The lemure is filled with an inner flame.
Casting: Inner Flame (quite dangerous; 14% risk of failure)
Confirm with . or Enter, or press ? or * to list all spells.
You conjure some foxfire!
The foxfire hits Pikel but does no damage.
An endoplasm comes into view.
Casting: Foxfire (safe; 3% risk of failure)
Confirm with . or Enter, or press ? or * to list all spells.
Okay, then.
Okay, then.
Casting: Foxfire (safe; 3% risk of failure)
Confirm with . or Enter, or press ? or * to list all spells.
Flames lash Pikel.
Flame seeps out of Pikel.
Pikel is lightly wounded.
Pikel's fire resistance burns away.
Pikel is engulfed in blazing flames.
Flame seeps out of Pikel.
Pikel drinks a potion.
Pikel is healed!
Your foxfire dissipates!
Pikel is no longer more vulnerable to fire.
There is a stone staircase leading down here.
Pikel closely misses you.
Pikel says, "Hell isn't that bad."
Pikel hits you with a +0 whip of freezing!
Pikel freezes you.
Pikel says, "It's all about the gold, really."
As you read the scroll of teleportation, it crumbles to dust.
You feel strangely unstable.
Pikel hits you with a +0 whip of freezing.
Pikel freezes you.
Your surroundings suddenly seem different.
A howler monkey skeleton, a gnoll and a water moccasin come into view.
Found a long glowing staff.
The helpless water moccasin fails to defend itself.
You hit the water moccasin. You grab the water moccasin.
The water moccasin is moderately wounded.
The helpless gnoll fails to defend itself.
You hit the gnoll but do no damage. You constrict the water moccasin.
The water moccasin closely misses you. The water moccasin bites you.
The gnoll hits you with a +0 halberd!
You die...

# #Z
#.#
#..####
#g@S|#
######


You could see a water moccasin, a gnoll and a howler monkey skeleton (dormant).

Vanquished Creatures
  A black bear (D:4)
  2 lemures (D:4)
  A phantom (D:4)
  Natasha (thrice) (D:2)
  3 adders
  6 dart slugs
  2 orcs
  5 endoplasms
  3 giant cockroaches
  9 goblins
  9 hobgoblins
  5 jackals (D:1)
  5 quokkas
  7 ball pythons
  5 bats
  3 frilled lizards (D:1)
  8 kobolds
  4 rats
81 creatures vanquished.

Vanquished Creatures (others)
  253 foxfires
253 creatures vanquished.

Grand Total: 334 creatures vanquished

Notes
Turn   | Place    | Note
-------+----------+-------------------------------------------
     0 | D:1      | enile the Octopode Fire Elementalist began the quest for
                  | the Orb.
     0 | D:1      | Reached XP level 1. HP: 11/11 MP: 3/3
   402 | D:1      | Reached XP level 2. HP: 17/17 MP: 1/5
   778 | D:1      | Learned a level 2 spell: Scorch
   990 | D:1      | Found a faded altar of an unknown god.
  1074 | D:1      | Reached XP level 3. HP: 22/22 MP: 2/6
  1079 | D:1      | Prayed at the altar of an unknown god.
  1079 | D:1      | Became a worshipper of Sif Muna the Loreminder
  1079 | D:1      | Reached * piety under Sif Muna
  1757 | D:1      | Found an ancient bone altar of Kikubaaqudgha.
  1907 | D:2      | Noticed Natasha
  1913 | D:2      | Learned a level 3 spell: Inner Flame
  2252 | D:3      | Found Tupeukk's Book Shoppe.
  2284 | D:3      | Reached skill level 1 in Fighting
  2347 | D:3      | Found a burning altar of Makhleb.
  2759 | D:3      | Reached XP level 4. HP: 28/28 MP: 0/7
  3029 | D:2      | Reached ** piety under Sif Muna
  3589 | D:2      | Killed Natasha
  3687 | D:2      | Reached skill level 4 in Fire Magic
  3687 | D:2      | Reached XP level 5. HP: 30/34 MP: 1/8
  3798 | D:2      | Noticed Natasha
  3805 | D:2      | Killed Natasha
  4207 | D:2      | Noticed Natasha
  4218 | D:2      | Killed Natasha
  4739 | D:4      | Noticed a phantom
  4748 | D:4      | Killed a phantom
  4749 | D:4      | Reached skill level 5 in Fire Magic
  4749 | D:4      | Reached XP level 6. HP: 39/39 MP: 2/10
  4822 | D:4      | Found a staircase to the Ecumenical Temple.
  4927 | D:4      | Noticed a black bear
  5051 | D:4      | Killed a black bear
  5143 | D:4      | Noticed Pikel
  5362 | D:4      | Noticed a water moccasin
  5363 | D:4      | Slain by a gnoll

Illustrated notes

Levels and vault maps discovered:
D:1:      heliophobic_arrival_ceremonial_halls, layout_basic, serial_aquarium,
          aquarium_bridge_straight [aquarium_subvault_bridge,
          aquarium_subvault_wall, aquarium_subvault_bridge,
          aquarium_subvault_window], aquarium_bridge_square
          [aquarium_subvault_bridge, aquarium_subvault_window,
          aquarium_subvault_bridge, aquarium_subvault_window],
          aquarium_window_fake, aquarium_window_corner, aquarium_view_2c,
          ebering_ecumenical_altar_rust, kennysheep_flooded_box
D:2:      layout_basic, minmay_divided_ellipse, uniq_natasha
D:3:      kb_forest_paths, layout_rooms, mainiacjoe_overflow_tiny_flanked,
          serial_shops, nicolae_diamond_shop, hex_tiny
D:4:      minmay_door_path, layout_rooms, mainiacjoe_overflow_alcove_1,
          minmay_temple_entry_statues_pillars, minmay_hollow_rounded_squares,
          uniq_robin, uniq_ijyb, uniq_pikel

Skill      XL: |  1  2  3  4  5  6 |
---------------+-------------------+-----
Stealth        | 3 |  3.4
Fighting       | 1 2 |  2.0
Fire Magic     | 4 5 |  5.0
Spellcasting   | 3 4 |  4.0
Dodging        | |  2.4
Conjurations   | |  1.5

Action                   |  1- 3 |  4- 6 || total
-------------------------+-------+-------++-------
Melee: Unarmed           |    12 |       ||    12
       Tentacles         |     8 |     4 ||    12
       Constrict         |     8 |     4 ||    12
       Hand axe          |    11 |    20 ||    31
 Cast: Foxfire           |    82 |    65 ||   147
       Scorch            |     2 |    24 ||    26
       Inner Flame       |     1 |     6 ||     7
  Use: Potion            |     2 |     2 ||     4
       Scroll            |       |     2 ||     2
 Stab: Sleeping          |       |     2 ||     2
Armor: Skin              |     7 |     1 ||     8
Dodge: Dodged            |    23 |    42 ||    65
